cohdb
Replays
Latest Replays
All Replays
Popular Replays
Top Player Replays
Match Explorer
How It Works
Community
CoH3 Stats
Reddit
Sign in to upload your games and track your stats! →
Sign in with Steam
Match 45370702
Unlisted
Match 45370702
Overview
Messages
Build Orders
End
Scout Squad
Selects Airborne Battlegroup
Selects Pathfinders
Construct Weapon Support Center
M1919 Machine Gun Team
M1919 Machine Gun Team
Selects Paratrooper Squad Paradrop
Paratrooper Squad Paradrop
Bazooka Squad
Paratrooper Squad Paradrop
Construct Medical Station
Selects Anti-tank Gun Team Paradrop
Anti-tank Gun Team Paradrop
Air Support Center
P-47 Strafing Run
Construct Tank Depot
P-47 Strafing Run
M18 Hellcat Tank Destroyer
Selects Smoke Bombing Run
Selects Supply Drop
Engineer Squad
Grasshopper Recon Run
P-47 Strafing Run
P-47 Strafing Run
M4(105) Sherman Bulldozer
Polka_Pete
Sinverguenza
0
0
Comments
sign in to comment!
No comments posted yet!